 Dungeon Crawl Stone Soup version 0.30-a0-1116-gebefce21f7 (webtiles) character file.

Game seed: 3510698377033847153

18 Newt the Trooper (level 2, -3/36 HPs)
             Began as a Demonspawn Gladiator on Apr 21, 2023.
             Slain by a cerulean imp
             ... wielding a +1 spear
             ... summoned by Natasha
              (5 damage)
             ... on level 2 of the Dungeon.
             The game lasted 00:01:11 (1302 turns).

Newt the Trooper (Demonspawn Gladiator)             Turns: 1302, Time: 00:01:12

Health: -3/36      AC: 21    Str: 10    XL:     2   Next: 51%
Magic:  2/2        EV:  2    Int: 12    God:
Gold:   70         SH:  0    Dex: 17    Spells: 1/1 levels left

rFire   . . .      SeeInvis .    i - +0 battleaxe
rCold   . . .      Faith    .    (shield currently unavailable)
rNeg    . . .      Spirit   .    b - melded +0 leather armour
rPois   +          Reflect  .    c - melded +0 helmet
rElec   .          Rampage  .    (cloak currently unavailable)
rCorr   .          NoTele   +    f - melded +0 pair of gloves
Will    .....                    p - melded +0 pair of boots
Stlth   ++                       (no amulet)
HPRegen 0.26/turn                (no ring)
MPRegen 0.08/turn                (no ring)

@: mighty, brilliant, tree-form
A: stationary, stasis, torment immunity, boosted hp, (sharp scales 1), agile 1,
clever 1, weak 1
a: no special abilities


You were on level 2 of the Dungeon.
You were a tree.
You visited 1 branch of the dungeon, and saw 2 of its levels.

You collected 70 gold pieces.

Inventory:

Hand Weapons
 a - a +0 rapier
 i - a +0 battleaxe (weapon)
Missiles
 d - 2 throwing nets (quivered)
 e - a javelin
Armour
 b - a +0 leather armour (melded)
 c - a +0 helmet (melded)
 f - a +0 pair of gloves (melded)
 p - a +0 pair of boots (melded)
Scrolls
 g - 2 scrolls of enchant weapon {unknown}
 h - a scroll of amnesia {unknown}
 o - a scroll of blinking {unknown}


   Skills:
 + Level 3.2 Fighting
 - Level 2.6 Short Blades
 - Level 1.7 Throwing
 - Level 2.6 Dodging


You had one spell level left.
You didn't know any spells.
Your spell library was empty.

Dungeon Overview and Level Annotations

Branches:
Dungeon (2/15)

Altars:

Annotations:
D:2 Natasha, Sigmund


Innate Abilities, Weirdness & Mutations

You are a tree.
Your roots penetrate the ground, keeping you stationary.
You cannot be teleported.
You are immune to unholy pain and torment.
Your maximum health is greatly increased.
Your equipment is partially melded.
((You are partially covered in razor-sharp scales. (AC +1, Slay +1)))
You are agile. (Dex +4, Str/Int -1)
Your mind is acute. (Int +4, Str/Dex -1)
You are weak. (Str -2)


Message History

The goblin hits you but does no damage. The cerulean imp completely misses you.
Natasha mumbles some strange words.
You attack the rock wall.
The goblin hits you but does no damage. Sigmund hits you with a +0 scythe.
* * * LOW HITPOINT WARNING * * *
The cerulean imp hits you from afar with a +1 spear.
* * * LOW HITPOINT WARNING * * *
Natasha mewls in sadness.
The cerulean imp hits you but does no damage.
The goblin barely misses you.
You aren't carrying any potions.
You barely miss Sigmund.
Sigmund is lightly wounded.
You closely miss the goblin.
You feel less confused. Sigmund hits you but does no damage.
The goblin hits you but does no damage.
The cerulean imp hits you but does no damage. x2
Natasha hisses.
Sigmund barely misses you.
The cerulean imp hits you but does no damage.
The goblin barely misses you.
The cerulean imp hits you but does no damage.
You closely miss Sigmund.
Sigmund is lightly wounded.
You hit the goblin.
You kill the goblin!
The cerulean imp hits you but does no damage.
The cerulean imp barely misses you. Natasha claws you.
* * * LOW HITPOINT WARNING * * *
Sigmund hits you but does no damage.
The cerulean imp hits you but does no damage.
Sorry, you're not good enough to have a special ability.
You closely miss Sigmund.
Sigmund is lightly wounded.
You slash Natasha!
The cerulean imp hits you but does no damage. x2
Natasha claws you but does no damage.
The cerulean imp hits you but does no damage.
The cerulean imp hits you from afar with a +1 spear.
You die...

..≈≈≈..#
#######.###
.≈≈≈≈≈.# .....
..........#
.≈≈≈≈≈.#
#...#########.#.#
.≈≈≈≈≈.#
#...##........#.#
..≈≈≈..#
#...##.####...#.#
#.....## ##...##.#
#.#.#.# ###.##.#
.555##.####.#.#.#
.......#
#h@##........#.#
..##...#
#.♣#######.###.#
#+#..#.#
#........†.# #.#
...>##.#
#..?...######## #.#
....##.# +......#
#.# ..).##.#
#......##########.#
....##.#
#.......#.........#
....##.#
###.....#.#########
....##.# #.....#.#
######.# #.....#.#


You could see Sigmund, Natasha and 3 cerulean imps.

Vanquished Creatures
  A dart slug (D:2)
  2 ball pythons
  A giant cockroach (D:1)
  2 hobgoblins (D:2)
  A quokka (D:2)
  A frilled lizard (D:2)
  2 goblins (D:2)
  A kobold (D:1)
  6 rats
17 creatures vanquished.

Notes
Turn   | Place    | Note
-------+----------+-------------------------------------------
     0 | D:1      | Newt the Demonspawn Gladiator began the quest for the Orb.
     0 | D:1      | Reached XP level 1. HP: 16/16 MP: 1/1
   842 | D:2      | Gained mutation: You are partially covered in razor-sharp
                  | scales. (AC +1, Slay +1) [demonic ancestry]
   842 | D:2      | Reached XP level 2. HP: 20/23 MP: 2/2
  1036 | D:2      | Reached skill level 3 in Fighting
  1288 | D:2      | Noticed Sigmund
  1289 | D:2      | Noticed Natasha
  1296 | D:2      | Gained mutation: You are agile. (Dex +4, Str/Int -1)
                  | [potion of mutation]
  1296 | D:2      | Gained mutation: You are weak. (Str -2) [potion of
                  | mutation]
  1296 | D:2      | Gained mutation: Your mind is acute. (Int +4, Str/Dex -1)
                  | [potion of mutation]
  1301 | D:2      | HP: 1/36 [Natasha (4)]
  1302 | D:2      | Slain by a cerulean imp

Illustrated notes

Levels and vault maps discovered:
D:1:      dpeg_arrival_oval, layout_loops_ring
D:2:      layout_basic, serial_shops, nicolae_lakefront_shop,
          minmay_misc_feat_pillars, uniq_sigmund, uniq_natasha

Skill      XL: |  1  2 |
---------------+-------+-----
Fighting       | 3 |  3.2
Short Blades   | |  2.6
Throwing       | |  1.7
Dodging        | |  2.6

Action                     || total
---------------------------++-------
  Melee: Battleaxe         ||    29
         Rapier            ||     8
  Throw: Throwing net      ||     1
    Use: Potion            ||     5
 Armour: Leather armour    ||    12
         Skin              ||    24
  Dodge: Dodged            ||    27

Table legend: (Time is in decaauts)
 A = Elapsed time spent in this place.
 B = Non-inter-level travel time spent in this place.
 C = Inter-level travel time spent in this place.
 D = Time resting spent in this place.
 E = Time spent auto-exploring this place.
 F = Levels seen in this place.
 G = Mean time per level.
                   A        B        C        D        E       F      G
               +--------+--------+--------+--------+--------+-----+--------+
         Total |   1322 |   1228 |     94 |      0 |   1068 |   2 |  661.0 |
       Dungeon |   1322 |   1228 |     94 |      0 |   1068 |   2 |  661.0 |
               +--------+--------+--------+--------+--------+-----+--------+

Top non-repeatable levels by time:
     D:1: 697 daAuts
     D:2: 624 daAuts
